ElectroGuy, lawful male human Archeologist ------ --.--.-------- |......|.--..-- ---- --............---^.-- --..................| --............|....).| --.............|).....| |.....................-- |......................-- --------.........^......| |..........--.|..| --........-|---..-- |........*---....---- - ---)...[....@d.).)).......- |.*.........------------ ---.--.......-- -----------...|(.....--- |............[.....>.| -<.-----....--...|.--- ....-- |..-----.---- ------ ---- --- ElectroGuy the Field Worker Experience level: 4 Strength: 15 Dexterity: 8 Constitution: 17 Intelligence: 12 Wisdom: 17 Charisma: 10 Health: 0(39) Energy: 17(17) Def: 7 Gold: 242 Moves: 1190 Dungeon seed: 8lWwOi6c1TGUGkVh Game ID: ElectroGuy_1577382424 Your Inventory: Coins $ - 242 gold pieces Weapons a - a +2 bullwhip (alternate weapon; not wielded) m - 7 blessed +0 darts (in quiver) u - 7 +0 darts Armor e - an uncursed +0 orcish helm (being worn) n - an uncursed +0 fedora r - an uncursed +0 dwarvish mithril-coat (being worn) Comestibles b - 4 uncursed food rations g - 2 uncursed tins of spinach h - 2 uncursed lichen corpses Potions o - an uncursed potion of oil Wands j - a wand of secret door detection (0:10) t - a cursed wand of polymorph (0:4) Tools c - a +0 pick-axe (weapon in hand) d - a tinning kit (0:31) f - an uncursed sack p - an uncursed partly used tallow candle (lit) (0:21) s - an uncursed blindfold Gems q - an uncursed touchstone z - 2 uncursed worthless pieces of white glass Spells and supernatural/magical abilities: Name Level Category Fail Memory W - pray for help -- divine ? -- Your skills at the end: Fighting Skills Weapon Skills pick-axe [Basic] whip [Basic] Spellcasting Skills Final Attributes: You were stridently aligned. You were stealthy. You were fast. You are dead. Vanquished creatures: a gnome lord a kitten 2 dwarves 2 acid blobs a giant rat a yellow mold 7 gnomes 3 jackals a kobold 4 goblins 3 grid bugs 4 lichens a kobold zombie 3 newts 34 creatures vanquished. Voluntary challenges: You used a wielded weapon 40 times, starting on turn 76. You were illiterate. You never genocided any monsters. You never polymorphed an object. You never changed form. You used no wishes. You never split a pudding. You never wrote Elbereth's name. You violated your moral code, losing 14 points of alignment, starting on turn 997. Dungeon overview: The Dungeons of Doom: levels 1 to 2 Level 1 a long staircase Level 2 an altar to Camaxtli, some fountains stairs to The Gnomish Mines The Gnomish Mines: Level 3 <- You were here stairs to The Dungeons of Doom History has recorded: On T:1 you entered the Dungeons of Doom to retrieve the Amulet of Yendor! On T:539 you advanced to experience level 2. On T:558 you reached level 2 of The Dungeons of Doom. On T:761 you advanced to experience level 3. On T:981 you reached level 1 of The Gnomish Mines. On T:1025 you advanced to experience level 4. Score breakdown: Gold: 242 ( 8115 points) Experience: 4 levels ( 9649 points) Exploration: 3 levels ( 6.25%) ( 6188 points) Discoveries: 4 items ( 1.34%) ( 3475 points) Valuables value: (no points given unless you survive) Artifact value: 0 ( 0 points) Variety of kills: 14 monsters ( 3.67%) ( 5750 points) Turncount: 1190 turns ( 0 points) Survival: died (score multiplied by 80%) Total score: 26541 Latest messages: m - 2 darts (in quiver). u - a dart. (2x) The kitten drops a dagger. There are a few objects here. You see here a dagger. m - a dart (in quiver). You displace your kitten. There are a few objects here. The kitten is hit by an arrow! The kitten is killed! u - 2 darts. Whoops... An arrow shoots out at you! You are hit by an arrow! u - a dart. (2x) (2x) The dart misses the little dog. The dart misses the little dog. The little dog bites! (2x) You hit the little dog. The little dog bites! You die... The sack is empty. Final status: Goodbye ElectroGuy the Archeologist, killed by a little dog... You died in The Gnomish Mines on dungeon level 3 with 26541 points, and 242 pieces of gold, after 1190 moves. You were level 4 with a maximum of 39 hit points when you died.